 Dungeon Crawl Stone Soup version 0.28-a0-94-g325244837d (webtiles) character file.

Game seed: 15178812373440028798

784 Leeroy the Changer (level 7, -10/56 HPs)
             Began as a Merfolk Transmuter on Aug 7, 2021.
             Was an Initiate of Wu Jian.
             Succumbed to a water moccasin's poison
             ... on level 5 of the Dungeon.
             The game lasted 00:09:21 (6023 turns).

Leeroy the Changer (Merfolk Transmuter)             Turns: 6023, Time: 00:09:21

Health: -10/56     AC:  2    Str: 11    XL:     7   Next: 86%
Magic:  7/10       EV: 22    Int: 14    God:    Wu Jian [......]
Gold:   219        SH:  0    Dex: 19    Spells: 4/10 levels left

rFire   . . .      SeeInvis .     - Unarmed
rCold   . . .      Faith    .   (shield currently unavailable)
rNeg    . . .      Spirit   .   (armour currently unavailable)
rPois   x          Reflect  .   (helmet currently unavailable)
rElec   .          Harm     .   (cloak currently unavailable)
rCorr   .          Rampage  .   (gloves currently unavailable)
Will    .....                   (boots currently unavailable)
Stlth   ++........              (no amulet)
HPRegen 0.18/turn               (no ring)
MPRegen 0.12/turn               (no ring)

@: mighty, brilliant, lethally poisoned (-10 -> -59), spider-form
A: venomous fangs, tiny, (nimble swimmer 2), (mertail)
a: End Transformation, Renounce Religion


You were on level 5 of the Dungeon.
You worshipped Wu Jian.
Wu Jian was noncommittal.
You were a venomous arachnid creature.
You visited 2 branches of the dungeon, and saw 6 of its levels.

You collected 219 gold pieces.

Inventory:

Hand Weapons
 j - a +0 quarterstaff
 n - a +0 scimitar
 t - a +0 dagger of protection
Armour
 a - a +0 robe (melded)
 d - a +0 pair of gloves (melded)
 f - a +2 ring mail of willpower
 h - a +0 pair of boots (melded)
Jewellery
 e - an amulet of guardian spirit
Wands
 i - a wand of flame (22)
 m - a wand of paralysis (11)
 q - a wand of iceblast (4)
 u - a wand of polymorph (7)
Scrolls
 b - 3 scrolls of teleportation {unknown}
 c - 6 scrolls of identify {unknown}
 k - 3 scrolls of enchant weapon {unknown}
 o - a scroll of silence {unknown}
 r - 3 scrolls of magic mapping {unknown}
 s - a scroll of blinking {unknown}
Potions
 g - a potion of resistance {unknown}


   Skills:
 - Level 5.2 Fighting
 + Level 4.8 Dodging
 - Level 5.3 Unarmed Combat
 - Level 2.0 Spellcasting
 - Level 7.0 Transmutations


You had 4 spell levels left.
You knew the following spells:

 Your Spells              Type           Power      Damage    Failure   Level
a - Beastly Appendage     Tmut           62%        N/A       6%          1
b - Wereblood             Tmut           31%        N/A       8%          2
c - Spider Form           Tmut/Pois      8%         N/A       36%         3

Your spell library contained the following spells:

 Spells                   Type           Power      Damage    Failure   Level
 Corona                   Hex            2%         N/A       45%         1
 Ensorcelled Hibernation  Hex/Ice        4%         N/A       56%         2
 Ice Form                 Ice/Tmut       16%        N/A       71%         4
 Tukima's Dance           Hex            2%         N/A       77%         3


Dungeon Overview and Level Annotations

Branches:
Dungeon (5/15)             Temple (1/1) D:4

Altars:
Ashenzari
Cheibriados
Elyvilon
Fedhas
Gozag
Hepliaklqana
Kikubaaqudgha
Nemelex Xobeh
Okawaru
Qazlal
Ru
Sif Muna
Trog
Uskayaw
Vehumet
Wu Jian
Xom
Yredelemnul
Zin
The Shining One

Shops:
D:2 ((*(:


Innate Abilities, Weirdness & Mutations

You are a venomous arachnid creature.
You have poisonous fangs.
You are tiny and dextrous.
Your spellcasting is less reliable in this form.
Your armour is entirely melded.
You are incapable of wielding weapons or throwing items.
((You are quick and stealthy near water. (Stealth+, EV+, Speed+++)))
((Your lower body shifts to a powerful aquatic tail in water.))


Message History

You barely miss the water moccasin. The water moccasin bites you.
You are poisoned.
The water moccasin poisons you!
Casting: Spider Form (dangerous; 17% risk of failure)
Confirm with . or Enter, or press ? or * to list all spells.
You turn into a venomous arachnid creature.
Your +0 pair of gloves melds into your body.
Your +0 pair of boots melds into your body.
Your +0 robe melds into your body.
You feel very sick.
The water moccasin completely misses you.
You bite the water moccasin!
The water moccasin is moderately wounded.
You feel very sick. The water moccasin misses you. x2
You barely miss the water moccasin.
The water moccasin is moderately wounded.
You feel sick. The water moccasin bites you.
You are lethally poisoned!
The water moccasin poisons you!
Okay, then.
You hit the water moccasin.
The water moccasin is heavily wounded.
You feel extremely sick. The water moccasin barely misses you.
You bite the water moccasin!
The water moccasin is poisoned.
The water moccasin is severely wounded.
You feel very sick. The water moccasin bites you!
You are more poisoned.
The water moccasin poisons you! The water moccasin bites you.
* * * LOW HITPOINT WARNING * * *
It was a potion of might.
You feel very mighty all of a sudden.
* * * LOW HITPOINT WARNING * * *
You feel extremely sick. The water moccasin misses you.
It was a potion of brilliance.
You feel clever all of a sudden.
You die...

#. #. #. #
#. #.##. ...
#S## #.s#
##.# #.# #.#
#.# #.# .#
#.# #.# #.#
#.# . #.#
#.#####..###


You could see a water moccasin (very poisoned).

Vanquished Creatures
  4 ogres
  A centaur (D:4)
  A phantom (D:4)
  An orc priest (D:5)
  An iguana (D:5)
  2 orc wizards
  3 adders
  6 gnolls
  An adder skeleton (D:4)
  A worm (D:2)
  5 dart slugs
  7 orcs
  7 bats
  14 endoplasms
  2 giant cockroaches
  5 goblins
  10 hobgoblins
  2 jackals (D:3)
  4 ball pythons
  A frilled lizard (D:2)
  9 kobolds
  3 rats
90 creatures vanquished.

Vanquished Creatures (others)
  3 plants (D:2)
3 creatures vanquished.

Grand Total: 93 creatures vanquished

Notes
Turn   | Place    | Note
-------+----------+-------------------------------------------
     0 | D:1      | Leeroy the Merfolk Transmuter began the quest for the Orb.
     0 | D:1      | Reached XP level 1. HP: 15/15 MP: 3/3
   385 | D:1      | Reached XP level 2. HP: 21/21 MP: 5/5
   413 | D:1      | Learned a level 2 spell: Wereblood
   749 | D:1      | Found a faded altar of an unknown god.
  1054 | D:1      | Reached XP level 3. HP: 26/26 MP: 6/6
  1135 | D:1      | Learned a level 3 spell: Spider Form
  1399 | D:2      | Found Ubedgh's General Store.
  1586 | D:2      | Found Inessit's Book Shop.
  1744 | D:2      | Found Geowamyaq's Antique Weapon Shop.
  1867 | D:2      | Reached skill level 5 in Unarmed Combat
  2130 | D:2      | Reached XP level 4. HP: 16/32 MP: 4/7
  2332 | D:2      | Reached skill level 3 in Transmutations
  2363 | D:2      | Found Ywkamam's Weapon Shoppe.
  2474 | D:2      | Found Neghacom's Weapon Shoppe.
  3458 | D:3      | Reached skill level 4 in Transmutations
  3462 | D:3      | Reached XP level 5. HP: 25/37 MP: 2/8
  3639 | D:3      | Noticed an ogre
  3654 | D:3      | Killed an ogre
  3655 | D:3      | Reached skill level 5 in Transmutations
  4010 | D:4      | Found a staircase to the Ecumenical Temple.
  4031 | D:4      | Noticed an ogre
  4040 | D:4      | Killed an ogre
  4041 | D:4      | Reached skill level 6 in Transmutations
  4041 | D:4      | Reached XP level 6. HP: 31/43 MP: 6/9
  4067 | Temple   | Entered the Ecumenical Temple
  4097 | Temple   | Became a worshipper of the Wu Jian Council
  4233 | D:4      | Found a basalt altar of Yredelemnul.
  4234 | D:4      | Found a stormy altar of Qazlal.
  4308 | D:4      | Reached skill level 7 in Transmutations
  4716 | D:4      | Reached XP level 7. HP: 10/53 MP: 6/10
  4985 | D:4      | Reached skill level 5 in Fighting
  5545 | D:5      | Entered Level 5 of the Dungeon
  6022 | D:5      | HP: 1/56 [poisoned by a water moccasin]
  6023 | D:5      | Succumbed to a water moccasin's poison

Illustrated notes

Levels and vault maps discovered:
D:1:      heliophobic_arrival_enchanted_forest, layout_loops_corners,
          hellmonk_ecumenical_altar_zigzags, nrook_mini_backslash
D:2:      layout_loops_cross, serial_shops, shop, nicolae_shop_waterfront,
          shop_fountains, nicolae_shop_overgrown_old_shop,
          nicolae_lakefront_shop
D:3:      layout_basic
D:4:      layout_gridville, gammafunk_temple_overflow_statue,
          minmay_temple_entry_hall
D:5:      layout_loops_ring
Temple:   nicolae_temple_no_exploring_needed

Skill      XL: |  1  2  3  4  5  6  7 |
---------------+----------------------+-----
Unarmed Combat | 4 5 |  5.3
Transmutations | 4 6 7 |  7.0
Fighting       | 3 5 |  5.2
Dodging        | 4 |  4.8
Spellcasting   | |  2.0

Action                   |  1- 3 |  4- 6 |  7- 9 || total
-------------------------+-------+-------+-------++-------
Melee: Unarmed           |   117 |   151 |    76 ||   344
       Punch             |     3 |     5 |       ||     8
       Tailslap          |     2 |       |       ||     2
 Cast: Wereblood         |     2 |       |       ||     2
       Spider Form       |       |     5 |     7 ||    12
       Beastly Appendage |       |     4 |       ||     4
Invok: Lunge             |       |     3 |     3 ||     6
  Use: Potion            |       |       |     2 ||     2
 Stab: Sleeping          |     2 |       |       ||     2
Armor: Robe              |     9 |     7 |     6 ||    22
       Ring mail         |    11 |    38 |       ||    49
       Skin              |       |     2 |     6 ||     8
Dodge: Dodged            |    61 |    81 |    97 ||   239

Table legend: (Time is in decaauts)
 A = Elapsed time spent in this place.
 B = Non-inter-level travel time spent in this place.
 C = Inter-level travel time spent in this place.
 D = Time resting spent in this place.
 E = Time spent auto-exploring this place.
 F = Levels seen in this place.
 G = Mean time per level.
                   A        B        C        D        E       F      G
               +--------+--------+--------+--------+--------+-----+--------+
         Total |   5981 |   5800 |    181 |   1621 |   3426 |   6 |  996.8 |
       Dungeon |   5947 |   5797 |    150 |   1621 |   3426 |   5 | 1189.4 |
        Temple |     34 |      3 |     31 |      0 |      0 |   1 |   34.0 |
               +--------+--------+--------+--------+--------+-----+--------+

Top non-repeatable levels by time:
     D:2: 1873 daAuts
     D:4: 1701 daAuts
     D:1: 1349 daAuts
     D:3: 772 daAuts
     D:5: 250 daAuts
  Temple: 34 daAuts
